[Event "Titled Tuesday Blitz January 10 Late 2023"]
[White "Rodriguez Fontecha, Marcos"]
[Black "Goryachkina, Aleksandra"]
[WhiteFideId "2256576"]
[BlackFideId "4147103"]
[WhiteElo "2309"]
[BlackElo "2571"]
[Result "0-1"]
[Round "11"]
[TimeControl "180+2"]
[Date "2023.01.10"]
[WhiteClock "0:00:48"]
[BlackClock "0:01:30"]

1. e4 c5 2. Nc3 e6 3. g3 Nc6 4. Bg2 Nf6 5. d3 d5 6. Nge2 dxe4 7. Nxe4 Nxe4 8. Bxe4 Be7 9. O-O O-O 10. Be3 Bd7 11. Bg2 Rc8 12. Nc3 b6 13. Ne4 f5 14. Nc3 Kh8 15. f4 Bf6 16. Qd2 Nd4 17. Rae1 b5 18. Nd1 b4 19. c3 bxc3 20. bxc3 Nb5 21. a4 Nd6 22. Qf2 c4 23. d4 Bxa4 24. d5 exd5 25. Bxa7 Ne4 26. Bxe4 dxe4 27. Ne3 Bxc3 28. Rc1 Bd2 29. Ra1 Bb3 30. Nd1 c3 0-1


[Site "https://www.chess.com"]

[Event "Titled Tuesday Blitz January 10 Late 2023"]
[White "Ansh M Shah"]
[Black "Jaferian, Koosha"]
[WhiteFideId "25033379"]
[BlackFideId "12507440"]
[WhiteElo "2171"]
[BlackElo "2233"]
[Result "1/2-1/2"]
[Round "11"]
[TimeControl "180+2"]
[Date "2023.01.10"]
[WhiteClock "0:00:03"]
[BlackClock "0:00:10"]

1. d4 Nf6 2. c4 e6 3. g3 d5 4. Bg2 dxc4 5. Nf3 Bb4+ 6. Nbd2 O-O 7. Qc2 c5 8. Qxc4 Nbd7 9. O-O a6 10. a3 b5 11. Qc2 Bxd2 12. Bxd2 c4 13. Ne5 Nd5 14. Nc6 Qb6 15. Bxd5 exd5 16. Ne7+ Kh8 17. Nxd5 Qxd4 18. Ne3 Bb7 19. Bc3 Qb6 20. Rad1 Qc6 21. f3 Nc5 22. Nf5 Ne6 23. Kg2 Rad8 24. Rxd8 Rxd8 25. Rd1 Rxd1 26. Qxd1 f6 27. Nd4 Qd7 28. Qd2 Nc5 29. Qe3 h6 30. Bb4 Na4 31. Ne6 Bd5 32. Nf8 Qf7 33. Qd4 a5 34. Bc5 Bc6 35. e4 Be8 36. Bd6 Kg8 37. e5 fxe5 38. Qxe5 Qf6 39. Ne6 Nxb2 40. Qd5 Bf7 41. Qa8+ Kh7 42. Nf8+ Kg8 43. Ng6+ Kh7 44. Nf8+ Kh8 45. Ng6+ Kh7 46. Nf8+ 1/2-1/2


[Site "https://www.chess.com"]

[Event "Titled Tuesday Blitz January 10 Late 2023"]
[White "Gasparyan, David"]
[Black "Tologon tegin, Semetei"]
[WhiteFideId "13311980"]
[BlackFideId "13800574"]
[WhiteElo "2142"]
[BlackElo "2372"]
[Result "1-0"]
[Round "11"]
[TimeControl "180+2"]
[Date "2023.01.10"]
[WhiteClock "0:01:46"]
[BlackClock "0:02:27"]

1. e4 c6 2. Nf3 d5 3. exd5 cxd5 4. b3 Nc6 5. Bb2 Bg4 6. Be2 e6 7. O-O Nf6 8. h3 Bh5 9. Ne5 Bxe2 10. Qxe2 Bd6 11. c4 Nxe5 12. Bxe5 O-O 13. Bxd6 Qxd6 14. Nc3 dxc4 15. bxc4 Rfd8 16. Rfd1 Qd3 17. Rab1 b6 18. Rb3 Rac8 19. Qxd3 Rxd3 20. Nd5 Rd4 21. Ne7+ 1-0


[Site "https://www.chess.com"]

[Event "Titled Tuesday Blitz January 10 Late 2023"]
[White "Reprintsev, Alexander"]
[Black "Hsu, Li Yang"]
[WhiteFideId "14100541"]
[BlackFideId "5800080"]
[WhiteElo "2253"]
[BlackElo "2427"]
[Result "1-0"]
[Round "11"]
[TimeControl "180+2"]
[Date "2023.01.10"]
[WhiteClock "0:00:41"]
[BlackClock "0:00:37"]

1. e4 c6 2. Nc3 d5 3. Nf3 Bg4 4. h3 Bxf3 5. Qxf3 e6 6. b3 Nf6 7. e5 Nfd7 8. Qg3 c5 9. Bb2 Nc6 10. f4 a6 11. O-O-O g6 12. h4 h5 13. Bd3 Qe7 14. Nxd5 exd5 15. e6 d4 16. exd7+ Qxd7 17. Rde1+ Be7 18. Bc4 b5 19. Bd3 O-O-O 20. Be4 Bd6 21. Qf3 Ne7 22. f5 gxf5 23. Bd5 Nxd5 24. Qxd5 Kb8 25. Rhf1 f4 26. b4 cxb4 27. Qxd4 Rhg8 28. Re2 Qc6 29. Qf6 Bc7 30. Qxc6 1-0


[Site "https://www.chess.com"]

[Event "Titled Tuesday Blitz January 10 Late 2023"]
[White "Pasti, Aron"]
[Black "Leiva, Gianmarco"]
[WhiteFideId "785857"]
[BlackFideId "3804399"]
[WhiteElo "2361"]
[BlackElo "2392"]
[Result "0-1"]
[Round "11"]
[TimeControl "180+2"]
[Date "2023.01.10"]
[WhiteClock "0:00:07"]
[BlackClock "0:00:04"]

1. e4 c5 2. Nf3 d6 3. d4 cxd4 4. Nxd4 Nf6 5. Nc3 a6 6. h3 e6 7. g4 Nfd7 8. Bg2 Nc6 9. Be3 Qc7 10. O-O Be7 11. f4 O-O 12. f5 Nde5 13. g5 Nc4 14. Bf2 Bxg5 15. Qg4 Bf6 16. Nxc6 bxc6 17. Bh4 Ne3 18. Qf3 Bxh4 19. Qxe3 Qa7 20. Qxa7 Rxa7 21. Rad1 d5 22. fxe6 fxe6 23. exd5 cxd5 24. Nxd5 exd5 25. Bxd5+ Raf7 26. Rxf7 Rxf7 27. Rf1 Bf6 28. b4 Kf8 29. Bxf7 Kxf7 30. c4 Bxh3 31. Rc1 Bd7 32. c5 Bc6 33. Rd1 Be5 34. Rd8 h5 35. Rc8 Be4 36. c6 h4 37. c7 h3 38. Rf8+ Kg6 39. c8=Q h2+ 40. Kf2 h1=Q 41. Qe6+ Bf6 42. Rxf6+ gxf6 43. Qg8+ Kf5 44. Qc8+ Ke5 45. Qc5+ Bd5 46. Qc3+ Kf5 47. Qc8+ Kg5 48. Qc5 Qh4+ 49. Ke3 Qe4+ 50. Kd2 Qg2+ 51. Kc3 Qf3+ 52. Kd4 Qe4+ 53. Kc3 f5 54. a4 Kf4 55. b5 Qe3+ 56. Qxe3+ Kxe3 0-1


[Site "https://www.chess.com"]

[Event "Titled Tuesday Blitz January 10 Late 2023"]
[White "Haszon, David"]
[Black "Andreev, Eduard"]
[WhiteFideId "733610"]
[BlackFideId "14103400"]
[WhiteElo "2264"]
[BlackElo "2413"]
[Result "1/2-1/2"]
[Round "11"]
[TimeControl "180+2"]
[Date "2023.01.10"]
[WhiteClock "0:00:28"]
[BlackClock "0:00:20"]

1. d4 Nf6 2. Bf4 g6 3. Nc3 d5 4. e3 Bg7 5. Be2 a6 6. h4 h5 7. Nf3 c5 8. dxc5 Qa5 9. Be5 Nc6 10. O-O Nxe5 11. Nxe5 Qxc5 12. Nd3 Qc7 13. Bf3 e6 14. e4 dxe4 15. Nxe4 Nxe4 16. Bxe4 O-O 17. g4 hxg4 18. Bg2 e5 19. Re1 f5 20. Nxe5 Kh7 21. Nd3 f4 22. Be4 Bf5 23. Bxf5 gxf5 24. Qd2 Rad8 25. Qxf4 Qxf4 26. Nxf4 Rd2 27. Re2 Rfd8 28. Rae1 Bf6 29. Kg2 Rxe2 30. Rxe2 Bxh4 31. Re5 Rf8 32. Rd5 Rf7 33. c4 Bg5 34. Ne6 Bh6 35. Nd8 Re7 36. Rxf5 Kg6 37. Rd5 Bf4 38. c5 Re2 39. Kf1 Rxb2 40. Ne6 Bh6 41. Rd6 Kf5 42. Nd4+ Kg5 43. Ne6+ Kf5 44. Nd4+ Ke4 45. Rxh6 Kxd4 46. c6 bxc6 47. Rxc6 Rxa2 48. Rg6 Kd3 49. Rxg4 a5 50. Rg8 a4 51. Rd8+ Ke4 52. Kg2 a3 53. Ra8 Ra1 54. Kh2 Kf3 55. Rf8+ Kg4 56. f4 a2 57. Ra8 Kxf4 58. Kg2 Ke3 59. Kh2 Kd2 60. Kg2 Kc2 61. Kh2 Kb2 62. Rb8+ Kc3 63. Rc8+ Kb4 64. Ra8 Kb3 65. Rb8+ Kc4 66. Ra8 Kc5 67. Kg2 Kc6 68. Kh2 Kb7 69. Ra3 Kb6 70. Kg2 Kb5 71. Ra8 Kb4 72. Kh2 Kc3 73. Kg2 Kd2 74. Kh2 Ke2 75. Kg2 Ke3 76. Re8+ Kf4 77. Rf8+ Kg4 78. Ra8 Kg5 79. Ra7 Kf6 80. Ra8 Ke7 81. Kh2 Kd6 82. Kg2 Kc5 83. Kh2 Kb6 84. Kg2 Kb7 85. Ra3 Kc6 86. Ra8 Kd5 87. Kh2 Ke4 88. Kg2 Ke5 89. Kh2 Ke6 90. Kg2 Kd7 91. Kh2 Kc7 92. Kg2 Rd1 93. Rxa2 Rd4 94. Rf2 Kb6 95. Rf3 Kc5 96. Kg3 Kd5 97. Rf5+ Ke6 98. Ra5 Rd1 99. Kf3 Rf1+ 100. Kg3 Rb1 101. Kf3 Rb4 102. Kg3 Kd6 103. Kf3 Kc6 104. Kg3 Kb6 105. Rh5 Rb3+ 106. Kf2 Kc6 107. Rg5 Kd6 108. Rh5 Ke6 109. Ra5 Rb4 110. Rh5 Ra4 111. Rb5 Rh4 112. Kg3 Rd4 113. Kf3 Rd3+ 114. Ke4 Ra3 115. Rb6+ Kd7 116. Kd5 Ra5+ 117. Kc4 Rg5 118. Rh6 Rg4+ 119. Kd5 Rg5+ 120. Kd4 Ke7 121. Ke4 Kf7 122. Kf4 Ra5 123. Rb6 Ke7 124. Ke4 Kd7 125. Kd4 Kc7 126. Rh6 Rg5 127. Ke4 Ra5 128. Kd4 Kd7 129. Kc4 Ke7 130. Kb4 Rg5 131. Kc4 Kf7 132. Kd4 Kg7 133. Ra6 Rb5 134. Ke4 Rb4+ 135. Kf5 Rb5+ 136. Kg4 Kf7 137. Kf4 Ke7 138. Ke4 Rb1 139. Ke5 Re1+ 140. Kd5 Rd1+ 141. Ke5 Re1+ 142. Kd5 Kf7 143. Rb6 1/2-1/2


[Site "https://www.chess.com"]

[Event "Titled Tuesday Blitz January 10 Late 2023"]
[White "Karttunen, Mika"]
[Black "Tyagi, Kushan"]
[WhiteFideId "502081"]
[BlackFideId "2040069"]
[WhiteElo "2490"]
[BlackElo "2060"]
[Result "1/2-1/2"]
[Round "11"]
[TimeControl "180+2"]
[Date "2023.01.10"]
[WhiteClock "0:00:15"]
[BlackClock "0:00:03"]

1. e4 c5 2. Nf3 e6 3. d4 cxd4 4. Nxd4 a6 5. Nc3 Qc7 6. Bd3 Nf6 7. O-O Bc5 8. Nb3 Be7 9. f4 d6 10. Be3 Nbd7 11. a4 b6 12. Qf3 Bb7 13. Qg3 g6 14. Rae1 h5 15. Bd4 h4 16. Qh3 e5 17. Be3 O-O-O 18. fxe5 dxe5 19. Rf3 Kb8 20. a5 b5 21. Bxb5 axb5 22. Nxb5 Qxc2 23. Rc1 Qxe4 24. a6 Bxa6 25. Nc7 Bb7 26. Nd2 Qg4 27. Nb5 Bxf3 28. Ba7+ Ka8 29. Qxf3+ Qxf3 30. Nxf3 Rc8 31. Ra1 Kb7 32. Ng5 Ra8 33. Nxf7 Bc5+ 34. Kf1 Bxa7 35. Nxh8 Bd4 36. Rxa8 Kxa8 37. Nxg6 Bxb2 38. Nxh4 Kb7 39. Nd6+ Kc6 40. Nc4 Bd4 41. Nf5 Kd5 42. Nd2 Bc3 43. Nf3 e4 44. Ng1 Ke5 45. Ne3 Bd4 46. Nc4+ Kd5 47. Nd2 Ne5 48. h3 e3 49. Ndf3 Bc5 50. g4 Ke4 51. Ke2 Nd5 52. Nxe5 Kxe5 53. Nf3+ Kf4 54. Nh4 Nc3+ 55. Kd3 Nd5 56. Ng2+ Kg3 57. Nxe3 Nxe3 58. Ke4 Kxh3 59. g5 Ng4 60. g6 Nh6 61. Ke5 Kh4 62. g7 Kh5 63. Kf6 Bd4+ 64. Ke7 Bxg7 65. Ke6 Kg6 66. Ke7 Kf5 67. Ke8 Ke6 68. Kd8 Be5 69. Ke8 Nf7 70. Kf8 Nd6 71. Kg8 1/2-1/2


[Site "https://www.chess.com"]

[Event "Titled Tuesday Blitz January 10 Late 2023"]
[White "Hoffmann, Asa"]
[Black "TheKnightOfBosnia"]
[WhiteFideId "2001470"]
[WhiteElo "2185"]
[BlackElo "2537"]
[Result "0-1"]
[Round "11"]
[TimeControl "180+2"]
[Date "2023.01.10"]
[WhiteClock "0:00:06"]
[BlackClock "0:00:17"]

1. d4 Nf6 2. Bg5 c5 3. d5 Qb6 4. Nc3 d6 5. e4 Nbd7 6. Rb1 h6 7. Bh4 g5 8. Bg3 Bg7 9. h4 Qa5 10. Qd2 g4 11. f4 Nh5 12. Bf2 f5 13. exf5 Ndf6 14. Bb5+ Bd7 15. Bxd7+ Kxd7 16. Nge2 Rae8 17. g3 Rhf8 18. O-O b5 19. a3 b4 20. axb4 Qxb4 21. Ra1 Ra8 22. Ra4 Qb6 23. Qe3 Rfb8 24. Qe6+ Ke8 25. b3 Kf8 26. Re1 Qb7 27. Nc1 Re8 28. Nd3 Nd7 29. Ne4 Nhf6 30. Nxf6 Nxf6 31. Ne5 dxe5 32. fxe5 Nxd5 33. f6 exf6 34. Qd6+ Kg8 35. Qxc5 Rxe5 36. Rxe5 fxe5 37. Rxg4 Qf7 38. Be3 Kh7 39. Bd2 Rf8 40. Kg2 Qf1+ 41. Kh2 Rf2+ 0-1


[Site "https://www.chess.com"]

[Event "Titled Tuesday Blitz January 10 Late 2023"]
[White "Bochnicka, Vladimir"]
[Black "Melikyan, Gnel"]
[WhiteFideId "14943450"]
[BlackFideId "54109990"]
[WhiteElo "2327"]
[BlackElo "2238"]
[Result "0-1"]
[Round "11"]
[TimeControl "180+2"]
[Date "2023.01.10"]
[WhiteClock "0:01:31"]
[BlackClock "0:01:33"]

1. e4 g5 2. d4 h6 3. Nc3 d6 4. Bd3 Nc6 5. Be3 Nf6 6. h3 Bg7 7. Nge2 e5 8. d5 Ne7 9. Nb5 c6 10. dxc6 bxc6 11. Na3 d5 12. Ng3 Rb8 13. Rb1 Be6 14. Qd2 d4 15. Nc4 Bxc4 16. Bxc4 dxe3 17. Qxe3 Qd4 18. Qe2 Rxb2 19. Rd1 Qc3+ 20. Kf1 Qxc2 21. h4 Qxe2+ 22. Nxe2 Nxe4 23. Ke1 Nd5 24. Bxd5 cxd5 25. f3 Rxe2+ 0-1


[Site "https://www.chess.com"]

[Event "Titled Tuesday Blitz January 10 Late 2023"]
[White "Ismagilov, Damir"]
[Black "Ongut, Tamas Gunes"]
[WhiteFideId "34199982"]
[BlackFideId "770280"]
[WhiteElo "2156"]
[BlackElo "2299"]
[Result "0-1"]
[Round "11"]
[TimeControl "180+2"]
[Date "2023.01.10"]
[WhiteClock "0:00:02"]
[BlackClock "0:00:13"]

1. e4 e5 2. Nf3 Nc6 3. Bb5 a6 4. Ba4 d6 5. d4 b5 6. Bb3 Nxd4 7. Nxd4 exd4 8. c3 dxc3 9. Nxc3 Nf6 10. O-O Be7 11. Nd5 O-O 12. Bf4 Nxd5 13. Bxd5 Rb8 14. Rc1 Be6 15. Rc6 Bf6 16. Bxe6 fxe6 17. Qb3 Qe8 18. Rxa6 Bd4 19. Be3 Bf6 20. Rc1 c5 21. Rxd6 c4 22. Qc2 Be5 23. Rd2 Qh5 24. h3 Ra8 25. b3 c3 26. Rd7 b4 27. Rcd1 Bf6 28. Qd3 Qa5 29. Qc4 Qxa2 30. Qxe6+ Kh8 31. Rc7 c2 32. Rc1 Bc3 33. Qe7 Rae8 34. Qc5 Qxb3 35. Qb5 Qe6 36. Rxc2 Qxe4 37. Rc1 Qe5 38. Qd7 b3 39. R1xc3 b2 40. Rb3 Rd8 41. Qg4 Qxc7 42. Rxb2 Qd7 43. Qe4 Qd1+ 44. Kh2 Qd6+ 45. g3 Qf6 46. Rb7 Qf3 47. Qe7 Qf6 48. Qc7 Qg6 49. Qe7 h6 50. Qc7 Rde8 51. h4 Qf6 52. Qf4 Qxf4 53. Bxf4 Rg8 54. Kg2 Kh7 55. Be3 Ref8 56. Bf4 Rf6 57. Be5 Rf5 58. Bd4 Kg6 59. Be3 h5 60. Bd4 Rf7 61. Rb6+ Kh7 62. Be3 g6 63. Rb5 Re8 64. Rb6 Re5 65. Rb8 Ref5 66. Bd4 g5 67. Rh8+ Kg6 68. Rg8+ Kh7 69. Rxg5 Rxg5 70. hxg5 Kg6 71. f4 Kf5 72. Kh3 Kg6 73. Be5 Kf5 74. Kh4 Rh7 75. Bf6 Kg6 0-1


[Site "https://www.chess.com"]

[Event "Titled Tuesday Blitz January 10 Late 2023"]
[White "Osmak, Yuliia"]
[Black "Estrada Nieto, Julian"]
[WhiteFideId "14101602"]
[BlackFideId "5101018"]
[WhiteElo "2440"]
[BlackElo "2215"]
[Result "1-0"]
[Round "11"]
[TimeControl "180+2"]
[Date "2023.01.10"]
[WhiteClock "0:00:09"]
[BlackClock "0:00:04"]

1. Nf3 d5 2. g3 Nf6 3. Bg2 Bf5 4. O-O e6 5. d4 Nbd7 6. c4 c6 7. Nc3 h6 8. Qb3 Qb6 9. c5 Qa6 10. Re1 b6 11. cxb6 axb6 12. Ne5 b5 13. e4 dxe4 14. Nxe4 Bxe4 15. Bxe4 Nxe5 16. dxe5 Nxe4 17. Rxe4 Be7 18. Rg4 g6 19. Be3 h5 20. Rd4 O-O 21. Rd7 Rfe8 22. a3 c5 23. Rxe7 Rxe7 24. Bg5 Rd7 25. Bf6 Qc6 26. Qe3 Kh7 27. Rc1 c4 28. g4 Rg8 29. Qf4 Qd5 30. Re1 Qd2 31. Re3 Qd1+ 32. Kg2 Qxg4+ 33. Qxg4 hxg4 34. Re4 g5 35. Rxg4 Rg6 36. Bxg5 Kg8 37. f4 Rd2+ 38. Kg3 Rxb2 39. Rh4 Rxg5+ 40. fxg5 c3 41. Rd4 c2 42. Rd8+ Kg7 43. Rc8 Ra2 44. Kg4 Rxa3 45. Rxc2 b4 46. Rc4 b3 47. Rb4 Kg6 48. h4 Kg7 49. h5 1-0


[Site "https://www.chess.com"]

[Event "Titled Tuesday Blitz January 10 Late 2023"]
[White "Arenas, David"]
[Black "Janaszak, Dawid"]
[WhiteFideId "4403177"]
[BlackFideId "1119206"]
[WhiteElo "2426"]
[BlackElo "2316"]
[Result "1-0"]
[Round "11"]
[TimeControl "180+2"]
[Date "2023.01.10"]
[WhiteClock "0:01:13"]
[BlackClock "0:00:31"]

1. e4 c5 2. Nf3 e6 3. d4 cxd4 4. Nxd4 Nc6 5. Nb5 d6 6. c4 Nf6 7. N1c3 a6 8. Nd4 Be7 9. Be3 O-O 10. Be2 Bd7 11. O-O Rc8 12. Rc1 Nxd4 13. Qxd4 Bc6 14. Rfd1 Nd7 15. f4 e5 16. Qd2 Nc5 17. Bf3 exf4 18. Bxf4 Qb6 19. Kh1 Rfd8 20. b3 Bf6 21. Nd5 Bxd5 22. exd5 a5 23. Re1 Nd7 24. Bg4 Rb8 25. Bxd7 Rxd7 26. Re3 Rdd8 27. Rce1 a4 28. b4 Rbc8 29. a3 h6 30. Re4 Qa6 31. Qd3 Qa7 32. Be3 Qb8 33. Bd4 Bxd4 34. Qxd4 Re8 35. h3 f6 36. Re6 Red8 37. R1e4 Qc7 38. Re7 Rd7 39. R7e6 b5 40. cxb5 Qc1+ 41. Kh2 Qxa3 42. Re8+ Rxe8 43. Rxe8+ Kh7 44. Qe4+ g6 45. Qe6 Rg7 46. Qc8 g5 47. Qf5+ Rg6 48. Re7+ 1-0


[Site "https://www.chess.com"]

[Event "Titled Tuesday Blitz January 10 Late 2023"]
[White "Arencibia Monduy, Antonio"]
[Black "Golubev, Mikhail"]
[WhiteFideId "3507939"]
[BlackFideId "14100983"]
[WhiteElo "2122"]
[BlackElo "2461"]
[Result "0-1"]
[Round "11"]
[TimeControl "180+2"]
[Date "2023.01.10"]
[WhiteClock "0:00:03"]
[BlackClock "0:00:04"]

1. e4 c5 2. Nf3 d6 3. d4 Nf6 4. Nc3 cxd4 5. Nxd4 g6 6. Be3 Bg7 7. f3 O-O 8. Qd2 Nc6 9. O-O-O d5 10. exd5 Nxd5 11. Nxd5 Qxd5 12. Nxc6 Qxc6 13. Qd5 Qf6 14. Qd4 Qe6 15. Qd3 Qxa2 16. Qb3 Qa1+ 17. Kd2 Qxb2 18. Qxb2 Bxb2 19. Rb1 Be5 20. Bd3 b6 21. Be4 Rb8 22. f4 Rd8+ 23. Bd3 Bd4 24. Rhe1 Be6 25. Bxd4 Rxd4 26. Ke3 Ra4 27. h3 h5 28. Rg1 Kg7 29. g4 hxg4 30. hxg4 Rh8 31. f5 Rh3+ 32. Kd2 Bc4 33. fxg6 Bxd3 34. cxd3 Kxg6 35. Rbe1 Ra2+ 36. Kc3 e6 37. Kc4 Ra4+ 38. Kb5 Ra5+ 39. Kc4 Rc5+ 40. Kd4 Rd5+ 41. Kc4 Rhxd3 42. Ref1 a5 43. Rb1 R3d4+ 44. Kc3 Rb4 45. Rbf1 Rc5+ 46. Kd3 Rb3+ 47. Kd4 Rd5+ 48. Ke4 Rb4+ 49. Ke3 Rb3+ 50. Ke4 a4 51. Rg2 Rb4+ 52. Ke3 Re5+ 53. Kd3 a3 54. Rgf2 f5 55. gxf5+ Rxf5 56. Rg1+ Kf6 57. Rfg2 Ra4 58. Rg6+ Ke5 59. Re1+ Kd5 60. Rexe6 a2 61. Rd6+ Kc5 62. Rc6+ Kb5 63. Rxb6+ Ka5 64. Ra6+ Kb4 65. Rgb6+ Ka3 0-1


[Site "https://www.chess.com"]

[Event "Titled Tuesday Blitz January 10 Late 2023"]
[White "Bayo Milagro, Alvaro"]
[Black "Carbone, Diego"]
[WhiteFideId "22275240"]
[BlackFideId "3002179"]
[WhiteElo "2287"]
[BlackElo "2336"]
[Result "0-1"]
[Round "11"]
[TimeControl "180+2"]
[Date "2023.01.10"]
[WhiteClock "0:00:43"]
[BlackClock "0:00:05"]

1. e4 c5 2. Nf3 e6 3. d4 cxd4 4. Nxd4 Nc6 5. Nc3 Qc7 6. Be3 a6 7. Qf3 Nf6 8. O-O-O Ne5 9. Qg3 b5 10. f4 Neg4 11. e5 Nxe3 12. Qxe3 b4 13. exf6 bxc3 14. f5 cxb2+ 15. Kb1 gxf6 16. fxe6 dxe6 17. Qf3 Rb8 18. Nc6 Bb7 19. Qxf6 Bxc6 20. Qxh8 Bd5 21. Rxd5 Qxc2+ 22. Kxc2 b1=Q+ 23. Kd2 Rb2+ 24. Ke3 Qe1+ 25. Kf4 Qf2+ 26. Kg5 exd5 27. Qe5+ Be7+ 28. Kh6 Qb6+ 0-1


[Site "https://www.chess.com"]

[Event "Titled Tuesday Blitz January 10 Late 2023"]
[White "Seletsky, Grigory"]
[Black "Gavilan Diaz, Mario"]
[WhiteFideId "14112191"]
[BlackFideId "2260905"]
[WhiteElo "2259"]
[BlackElo "2271"]
[Result "0-1"]
[Round "11"]
[TimeControl "180+2"]
[Date "2023.01.10"]
[WhiteClock "0:00:01"]
[BlackClock "0:00:02"]

1. e4 e6 2. d4 d5 3. exd5 exd5 4. c3 Bd6 5. Bd3 Ne7 6. Qc2 h6 7. Ne2 O-O 8. Bf4 c6 9. Nd2 Bxf4 10. Nxf4 Qd6 11. Ne2 Qf6 12. O-O Bf5 13. Bxf5 Nxf5 14. Ng3 Nd6 15. Rae1 Nd7 16. Re3 c5 17. Nb3 Nc4 18. Re2 b6 19. Rfe1 a5 20. a4 Rfd8 21. Qf5 Qc6 22. Re7 Nf6 23. Nh5 Rd6 24. Nc1 Nxb2 25. Ne2 Rf8 26. Nef4 Nxa4 27. Nxf6+ Rxf6 28. Qxd5 Nxc3 29. Qe5 Qd6 30. dxc5 Qxc5 31. Qxc5 bxc5 32. g3 Rd6 33. Rc7 Rfd8 34. Rxc5 Rd1 35. Rxd1 Rxd1+ 36. Kg2 Ne4 37. Rxa5 Rd2 38. Nh3 g5 39. g4 Kg7 40. Re5 Nf6 41. Kg3 Kg6 42. f3 Nd7 43. Rb5 Nf8 44. Rb6+ f6 45. f4 Rd3+ 46. Kg2 Rd2+ 47. Kg3 Rd3+ 48. Kg2 Nd7 49. f5+ Kf7 50. Rb7 Ke8 51. Nf2 Rd2 52. Kf3 Ne5+ 53. Ke3 Ra2 54. Rh7 Ra3+ 55. Ke2 Ra2+ 56. Ke3 Kf8 0-1


[Site "https://www.chess.com"]

[Event "Titled Tuesday Blitz January 10 Late 2023"]
[White "Skaric, Djuro"]
[Black "Kleiman, Jake"]
[WhiteFideId "934569"]
[BlackFideId "2020041"]
[WhiteElo "2334"]
[BlackElo "2399"]
[Result "0-1"]
[Round "11"]
[TimeControl "180+2"]
[Date "2023.01.10"]
[WhiteClock "0:01:24"]
[BlackClock "0:01:18"]

1. g3 d5 2. Bg2 e6 3. d3 Nf6 4. Nf3 g6 5. O-O Bg7 6. Nc3 O-O 7. e4 c5 8. h3 Nc6 9. Nd2 b6 10. f4 dxe4 11. Ndxe4 Nxe4 12. dxe4 Ba6 13. Re1 Qxd1 14. Nxd1 Nd4 15. Ne3 Ne2+ 16. Rxe2 Bxe2 17. e5 Rad8 18. Kf2 Ba6 19. Bf1 Bxf1 20. Kxf1 f6 21. exf6 Bxf6 22. Ke2 e5 23. f5 e4 24. g4 Bg5 25. Bd2 gxf5 26. gxf5 Bxe3 27. Bxe3 Rxf5 28. Rg1+ Kf7 29. Rg4 h5 30. Rg2 Rg8 31. Rh2 Rg3 32. h4 Rff3 33. Bg5 Ke6 34. b3 Kf5 35. Rh1 Rg2+ 36. Ke1 Rxc2 0-1


[Site "https://www.chess.com"]

[Event "Titled Tuesday Blitz January 10 Late 2023"]
[White "Aspire_ie"]
[Black "Berezin, Viktor"]
[BlackFideId "14107872"]
[WhiteElo "2352"]
[BlackElo "2307"]
[Result "0-1"]
[Round "11"]
[TimeControl "180+2"]
[Date "2023.01.10"]
[WhiteClock "0:00:17"]
[BlackClock "0:00:08"]

1. e4 g6 2. d4 Bg7 3. Nf3 d6 4. Nc3 Nf6 5. h3 O-O 6. Be3 Nc6 7. Qd2 e5 8. d5 Ne7 9. g4 c6 10. dxc6 bxc6 11. O-O-O d5 12. Bc5 Re8 13. Bxe7 Qxe7 14. exd5 Nxd5 15. Nxd5 cxd5 16. Qxd5 Bb7 17. Qb3 e4 18. Bb5 exf3 19. Bxe8 Rxe8 20. Rhe1 Bh6+ 21. Kb1 Qxe1 22. c3 Qe7 23. a3 Be4+ 24. Ka1 Qe6 25. Qb4 Bf8 26. Qd4 Bc2 27. Rc1 Bb3 28. Qxa7 Qe2 29. Qb6 Qc4 30. g5 Re2 31. h4 Bxa3 32. bxa3 Ra2+ 33. Kb1 Qd3+ 34. Rc2 Qxc2# 0-1


[Site "https://www.chess.com"]

[Event "Titled Tuesday Blitz January 10 Late 2023"]
[White "Ladan, Nicholas"]
[Black "Itkis, Boris"]
[WhiteFideId "30918855"]
[BlackFideId "1209167"]
[WhiteElo "2228"]
[BlackElo "2329"]
[Result "1-0"]
[Round "11"]
[TimeControl "180+2"]
[Date "2023.01.10"]
[WhiteClock "0:02:06"]
[BlackClock "0:00:56"]

1. b4 c6 2. Bb2 a5 3. a3 axb4 4. axb4 Rxa1 5. Bxa1 Qb6 6. Bc3 d5 7. e3 Nf6 8. d3 e6 9. Bxf6 gxf6 10. c3 e5 11. Nd2 Be6 12. Be2 Nd7 13. Ngf3 Bd6 14. O-O f5 15. Ng5 Ke7 16. Nxe6 fxe6 17. e4 Nf6 18. exf5 exf5 19. Bf3 e4 20. dxe4 fxe4 21. Re1 Kd8 22. Nxe4 Nxe4 23. Bxe4 Bxh2+ 24. Kxh2 Qxf2 25. Bf3 1-0


[Site "https://www.chess.com"]

[Event "Titled Tuesday Blitz January 10 Late 2023"]
[White "Lopez Idarraga, Daniel Eduardo"]
[Black "Gurevich, Dmitry"]
[WhiteFideId "4405501"]
[BlackFideId "2000407"]
[WhiteElo "2009"]
[BlackElo "2393"]
[Result "1-0"]
[Round "11"]
[TimeControl "180+2"]
[Date "2023.01.10"]
[WhiteClock "0:01:18"]
[BlackClock "0:00:09"]

1. b3 d5 2. Bb2 c5 3. e3 Nc6 4. Bb5 Bd7 5. Nf3 a6 6. Bxc6 Bxc6 7. O-O Nf6 8. d3 e6 9. Nbd2 Be7 10. Ne5 Rc8 11. f4 O-O 12. Rf3 Nd7 13. Nxc6 Rxc6 14. Rh3 Bf6 15. Bxf6 Qxf6 16. Rb1 h6 17. g4 e5 18. f5 Qg5 19. e4 Nf6 20. exd5 Nxd5 21. Ne4 Qf4 22. Qe2 Nf6 23. Nxf6+ Rxf6 24. Re3 h5 25. Rf1 Qxg4+ 26. Qxg4 hxg4 27. Rxe5 Rc8 28. Rf4 b5 29. Rxg4 Kf8 30. Rh4 Kg8 31. Rhe4 c4 32. dxc4 bxc4 33. Rxc4 Rxc4 34. bxc4 Rb6 35. c5 Rb2 36. c4 Rb7 37. Kf2 f6 38. Re6 Rc7 39. c6 Kf7 40. Rd6 Ke8 41. Ke3 Rc8 42. Kd4 Rc7 43. Kc5 1-0


[Site "https://www.chess.com"]

[Event "Titled Tuesday Blitz January 10 Late 2023"]
[White "Zanette, Edgard Vinicius"]
[Black "Kozin, Yuri"]
[WhiteFideId "2109263"]
[BlackFideId "4129920"]
[WhiteElo "2085"]
[BlackElo "2251"]
[Result "0-1"]
[Round "11"]
[TimeControl "180+2"]
[Date "2023.01.10"]
[WhiteClock "0:00:09"]
[BlackClock "0:00:49"]

1. e4 c5 2. Nc3 e6 3. g3 Nc6 4. Bg2 Nf6 5. d3 Be7 6. f4 d6 7. Nf3 O-O 8. O-O a6 9. h3 Bd7 10. Be3 b5 11. g4 e5 12. f5 b4 13. Nd5 Nxd5 14. exd5 Nd4 15. Nxd4 cxd4 16. Bd2 a5 17. Qc1 h6 18. a3 bxa3 19. Rxa3 a4 20. b3 axb3 21. Rxa8 Qxa8 22. f6 Bxf6 23. Rxf6 gxf6 24. cxb3 Rc8 25. Qf1 Kg7 26. Bxh6+ Kxh6 27. Qxf6+ Kh7 28. Qxf7+ Kh8 29. Qxd7 Qb8 30. Be4 Qc7 31. Qxc7 Rxc7 32. Kg2 Rb7 33. g5 Rxb3 34. h4 Rb8 35. h5 Rf8 36. Kg3 Rf4 37. h6 Kg8 38. g6 Kf8 39. g7+ Kg8 40. Bf3 Rf6 41. Bg4 Rxh6 42. Kf3 Kxg7 0-1


[Site "https://www.chess.com"]

[Event "Titled Tuesday Blitz January 10 Late 2023"]
[White "Bozorov, Makhsum"]
[Black "Tan, Zhongyi"]
[WhiteFideId "14201330"]
[BlackFideId "8603642"]
[WhiteElo "2145"]
[BlackElo "2517"]
[Result "0-1"]
[Round "11"]
[TimeControl "180+2"]
[Date "2023.01.10"]
[WhiteClock "0:00:17"]
[BlackClock "0:01:44"]

1. d4 Nf6 2. c4 e6 3. g3 c5 4. d5 exd5 5. cxd5 d6 6. Bg2 g6 7. Nf3 Bg7 8. O-O O-O 9. Nc3 Re8 10. Bf4 Ne4 11. Nxe4 Rxe4 12. Nd2 Rxf4 13. gxf4 Bxb2 14. Rb1 Bg7 15. e4 Nd7 16. Re1 Nf6 17. Nc4 Nh5 18. Qf3 Qh4 19. Nxd6 Bg4 20. Qa3 Bd4 21. Re3 Nxf4 22. Nb5 Bxe3 23. Qxe3 Bh3 24. Bxh3 Nxh3+ 25. Kg2 Nf4+ 26. Kh1 Nh3 27. Kg2 Qg4+ 28. Kh1 Nxf2+ 29. Qxf2 Qxe4+ 0-1


[Site "https://www.chess.com"]